 Dungeon Crawl Stone Soup version 0.29.1-15-g9cfb28693d (webtiles) character file.

Game seed: 7068519393672354157

598 kark the Covered (level 7, -1/61 HPs)
             Began as a Minotaur Fighter on Mar 13, 2023.
             Slain by a goblin
             ... wielding a +0 club
             ... led by Robin
              (5 damage)
             ... on level 4 of the Dungeon on Mar 14, 2023.
             The game lasted 01:09:07 (2529 turns).

kark the Covered (Minotaur Fighter)                 Turns: 2529, Time: 01:09:07

Health: -1/61      AC: 10    Str: 20    XL:     7   Next: 17%
Magic:  6/6        EV:  7    Int:  5    God:
Gold:   152        SH:  5    Dex: 12    Spells: 6/6 levels left

rFire   . . .      SeeInvis .   p - +2 trident (protect)
rCold   . . .      Faith    .   c - +0 buckler
rNeg    . . .      Spirit   .   q - +0 chain mail
rPois   .          Reflect  .   (helmet restricted)
rElec   .          Harm     .   (no cloak)
rCorr   +          Rampage  .   (no gloves)
Will    .....                   (no boots)
Stlth   ..........              (no amulet)
HPRegen 0.20/turn               x - ring of resist corrosion
MPRegen 0.10/turn               (no ring)

@: mighty
A: horns 2, retaliatory headbutt
a: no special abilities


You were on level 4 of the Dungeon.
You visited 1 branch of the dungeon, and saw 4 of its levels.

You collected 152 gold pieces.

Inventory:

Hand Weapons
 a - a +0 war axe
 e - a +0 dagger
 g - a +0 club
 h - a +0 club
 l - a +0 dagger
 n - a +0 quarterstaff
 o - a +0 dagger
 p - a +2 trident of protection (weapon)
 t - a +0 long sword
 u - a +2 short sword of draining
Missiles
 f - 27 stones
 k - 3 silver javelins (quivered)
 z - a throwing net
Armour
 b - a +1 scale mail
 c - a +0 buckler (worn)
 j - a +0 scale mail
 q - a +0 chain mail (worn)
 w - a +0 helmet
Jewellery
 x - a ring of resist corrosion (left hand)
Wands
 v - a wand of light (8)
Scrolls
 m - a scroll of enchant armour
 r - 4 scrolls of identify
 s - a scroll of immolation


   Skills:
 + Level 5.3 Fighting
 + Level 4.1(5.1) Axes
 + Level 4.5(5.3) Polearms
 + Level 5.5 Armour
 + Level 0.9 Dodging
 + Level 0.1 Stealth
 + Level 5.3 Shields


You had 6 spell levels left.
You didn't know any spells.
Your spell library contained the following spells:

 Spells                   Type           Power      Damage    Failure   Level
 Apportation              Tloc           0%         N/A       99%         1
 Conjure Flame            Conj/Fire      0%         6-21      100%        3
 Ignite Poison            Fire/Tmut/Pois 0%         N/A       100%        3
 Sticky Flame             Conj/Fire      0%         2d3       100%        4
 Alistair's Intoxication  Tmut/Pois      0%         N/A       100%        5


Dungeon Overview and Level Annotations

Branches:
Dungeon (4/15)
 Temple: D:4-7

Altars:
Hepliaklqana
Vehumet

Annotations:
D:4 Robin


Innate Abilities, Weirdness & Mutations

You have a pair of horns on your head.
You reflexively headbutt those who attack you in melee.


Message History

The orc shouts!
The orc hits you with a +0 dagger.
* * * LOW HITPOINT WARNING * * *
You puncture the orc!
Your weapon exudes an aura of protection.
You kill the orc!
The ogre barely misses you.
You feel very mighty all of a sudden.
The orc priest shouts!
You puncture the ogre!
The ogre is severely wounded.
The ogre closely misses you. You furiously retaliate!
You headbutt the ogre!
You kill the ogre!
Your base Polearms skill increases to level 4!
You have reached level 7!
You puncture the orc priest!
You kill the orc priest!
You puncture the orc!
You kill the orc!
The orc priest invokes the aid of Beogh against you.
Beogh smites you!
* * * LOW HITPOINT WARNING * * *
You puncture the orc priest!
Your weapon exudes an aura of protection.
You kill the orc priest!
As you read the scroll of teleportation, it crumbles to dust.
You feel strangely unstable.
Your surroundings suddenly seem different.
Robin, 2 hobgoblins and 6 goblins come into view.
Found 2 gold pieces.
Found a stone staircase leading up.
Robin shouts!
The goblin shouts! x5
Robin roars a battlecry!
The goblins go into a battle-frenzy!
You hear an angry hiss.
The goblin unwields a +0 club.
The goblin wields a +0 sling.
The goblin shoots a sling bullet.
The sling bullet hits you but does no damage.
Robin throws the goblin at you!
The goblin unwields a +0 sling.
The goblin wields a +0 club.
The goblin hits you with a +0 club.
You die...

#.... .g.g.#
..g.g.
......
......###
...g.g..###
.......g..#
....g....##
.......@.#
.##.....g#
#......#
.....$....
...#.<.....
...#........
..
#..##.....
..# ##....


You could see Robin, 2 hobgoblins and 6 goblins.

Vanquished Creatures
  Sigmund (D:3)
  An ogre (D:4)
  A necrophage (D:4)
  A jelly (D:4)
  2 orc priests (D:4)
  Terence (D:2)
  6 adders
  4 gnolls (D:4)
  4 worms
  2 dart slugs
  2 orcs (D:4)
  3 endoplasms
  2 giant cockroaches
  4 goblins
  5 hobgoblins
  8 jackals
  2 quokkas
  6 ball pythons
  6 bats
  5 frilled lizards
  5 kobolds
  7 rats
78 creatures vanquished.

Vanquished Creatures (others)
  2 plants (D:2)
2 creatures vanquished.

Grand Total: 80 creatures vanquished

Notes
Turn   | Place    | Note
-------+----------+-------------------------------------------
     0 | D:1      | kark the Minotaur Fighter began the quest for the Orb.
     0 | D:1      | Reached XP level 1. HP: 19/19 MP: 0/0
   143 | D:1      | Reached XP level 2. HP: 26/27 MP: 1/1
   490 | D:1      | Found a faded altar of an unknown god.
   764 | D:1      | Reached XP level 3. HP: 33/33 MP: 2/2
   919 | D:2      | Noticed Terence
   933 | D:2      | Killed Terence
   934 | D:2      | Reached XP level 4. HP: 21/41 MP: 3/3
  1913 | D:3      | Noticed Sigmund
  1920 | D:3      | Killed Sigmund
  1921 | D:3      | Reached skill level 5 in Armour
  1921 | D:3      | Reached skill level 5 in Shields
  1921 | D:3      | Reached XP level 5. HP: 37/47 MP: 4/4
  1921 | D:3      | Reached XP level 6. HP: 42/53 MP: 5/5
  2141 | D:3      | Found a hazy altar of Hepliaklqana.
  2316 | D:3      | Found a radiant altar of Vehumet.
  2482 | D:4      | Reached skill level 5 in Fighting
  2515 | D:4      | Reached XP level 7. HP: 10/61 MP: 6/6
  2517 | D:4      | HP: 2/61 [orc priest/divine providence (9)]
  2527 | D:4      | Noticed Robin
  2529 | D:4      | Slain by a goblin

Illustrated notes

Levels and vault maps discovered:
D:1:      dpeg_arrival_tiny_i, layout_basic, ebering_ecumenical_altar_hall
D:2:      layout_basic, minmay_misc_feat_pillars, serial_bayou_pond_a,
          grunt_ministairs_9, uniq_terence
D:3:      layout_basic, nzn_hepliaklqana_mist_gate, general_overflow_altar,
          uniq_sigmund
D:4:      layout_cave_pools, mainiacjoe_overflow_cross_hatched,
          gammafunk_ghost_gnarly_gnolls, uniq_robin

Skill      XL: |  1  2  3  4  5  6 |
---------------+-------------------+-----
Shields        | 4 5 |  5.3
Fighting       | 4 5 |  5.3
Armour         | 4 5 |  5.5
Axes           | 3 4 |  4.1
Polearms       | 2 4 |  4.5
Dodging        | |  0.9
Stealth        | |  0.1

Action                   |  1- 3 |  4- 6 |  7- 9 || total
-------------------------+-------+-------+-------++-------
Melee: War axe           |    66 |       |       ||    66
       Headbutt          |     7 |    19 |       ||    26
       Trident           |       |   113 |     3 ||   116
Throw: Stone             |     2 |       |       ||     2
  Use: Scroll            |     5 |     4 |     1 ||    10
       Potion            |     2 |     9 |       ||    11
Armor: Scale mail        |    26 |       |       ||    26
       Chain mail        |       |    66 |     2 ||    68
Dodge: Dodged            |    33 |    33 |       ||    66
Block: Buckler           |    23 |    28 |       ||    51
